 Dungeon Crawl Stone Soup version 0.29-a0-323-g050149af67 (webtiles) character file.

Game seed: 4062400659167338956

28870 kklluuttzz the Blocker (level 13, -3/79 (82) HPs)
             Began as a Formicid Earth Elementalist on Dec 10, 2021.
             Was a Priest of Sif Muna.
             Slain by an eight-headed hydra (12 damage)
             ... on level 3 of the Lair of Beasts on Apr 11, 2022.
             The game lasted 00:50:59 (15698 turns).

kklluuttzz the Blocker (FoEE)                      Turns: 15698, Time: 00:50:59

HP:   -3/79 (82)    AC: 14    Str: 23    XL:     13   Next: 76%
MP:   29/29         EV: 11    Int: 14    God:    Sif Muna [***...]
Gold: 820           SH: 12    Dex: 11    Spells: 11/20 levels left

rFire   . . .      SeeInvis +   a - +5 dagger of Waukkirch {vorpal, rElec rN+ Str+7}
rCold   . . .      Faith    .   M - +0 kite shield
rNeg    + . .      Spirit   .   y - +3 leather armour of the Solstice {Will+++ Regen+ Int-3}
rPois   .          Reflect  .   (helmet unavailable)
rElec   +          Harm     .   l - +2 cloak
rCorr   .          Rampage  .   b - +0 pair of gloves
Will    ++++.                   (no boots)
Stlth   ++++......              d - amulet of magic regeneration
HPRegen 1.03/turn               K - +4 ring of protection
MPRegen 0.61/turn               D - ring of magical power

@: lightly drained
A: permanent stasis, dig shafts and tunnels, antennae 3, four strong arms
a: Dig, Shaft Self, Renounce Religion, Channel Magic, Forget Spell


You were on level 3 of the Lair of Beasts.
You worshipped Sif Muna.
Sif Muna was most pleased with you.
You visited 3 branches of the dungeon, and saw 15 of its levels.
You also visited: Sewer and Volcano.

You collected 820 gold pieces.

Inventory:

Hand Weapons
 a - the +5 dagger of Waukkirch (weapon) {vorpal, rElec rN+ Str+7}
   (You found it on level 4 of the Dungeon)

   It inflicts extra damage upon your enemies.
   Str:       It affects your strength (+7).
   rElec:     It insulates you from electricity.
   rN:        It protects you from negative energy.
 h - a +2 vorpal whip
 m - a +0 dagger
 T - a +2 great sword of flaming
Missiles
 c - 265 stones
 p - 33 poisoned darts
Armour
 b - a +0 pair of gloves (worn)
 l - a +2 cloak (worn)
 y - the +3 leather armour of the Solstice (worn) {Will+++ Regen+ Int-3}
   (You found it on level 5 of the Dungeon)

   Int:       It affects your intelligence (-3).
   Regen:     It increases your rate of health regeneration.
   Will:      It greatly increases your willpower.
 G - a +0 robe of resistance
 M - a +0 kite shield (worn)
 R - a +2 tower shield
Jewellery
 d - an amulet of magic regeneration (around neck)
 r - a ring of protection from fire
 D - a ring of magical power (right hand)
 E - a ring of ice
 K - a +4 ring of protection (left hand)
 L - a ring of fire
 U - a ring of ice
Wands
 f - a wand of iceblast (3)
 i - a wand of paralysis (17)
 s - a wand of charming (3)
 A - a wand of polymorph (15)
 B - a wand of flame (11)
 F - a wand of mindburst (17)
 I - a wand of digging (6)
Scrolls
 e - 3 scrolls of enchant armour
 k - a scroll of amnesia
 x - 3 scrolls of magic mapping
 H - a scroll of brand weapon
 J - a scroll of blinking {unknown}
 N - 5 scrolls of identify
 O - 3 scrolls of silence {unknown}
 P - a scroll of enchant weapon
 Q - a scroll of fog {unknown}
Potions
 g - 4 potions of magic
 j - 3 potions of heal wounds
 n - 7 potions of ambrosia
 o - 2 potions of attraction {unknown}
 q - 6 potions of mutation
 t - a potion of invisibility {unknown}
 u - 5 potions of might {unknown}
 v - 3 potions of haste {unknown}
 w - 7 potions of curing
 z - a potion of berserk rage {unknown}
 C - 2 potions of brilliance
 S - a potion of cancellation {unknown}


   Skills:
 + Level 1.3 Fighting
 - Level 8.3 Short Blades
 + Level 1.3 Armour
 + Level 2.2 Dodging
 - Level 10.4 Stealth
 - Level 12.6 Shields
 - Level 4.2 Spellcasting
 - Level 6.6 Conjurations
 - Level 4.0 Transmutations
 - Level 7.6 Fire Magic
 - Level 10.2 Earth Magic
 - Level 9.4 Invocations


You had 11 spell levels left.
You knew the following spells:

 Your Spells              Type           Power      Damage    Failure   Level
a - Sandblast             Erth           62%        2d14      1%          1
b - Stone Arrow           Conj/Erth      52%        3d10      3%          3
c - Conjure Flame         Conj/Fire      23%        6-21      6%          3
w - Passwall              Tmut/Erth      18%        N/A       3%          2

Your spell library contained the following spells:

 Spells                   Type           Power      Damage    Failure   Level
 Petrify                  Tmut/Erth      22%        N/A       19%         4
 Sticky Flame             Conj/Fire      23%        2d4       19%         4
 Ignite Poison            Fire/Tmut/Pois 13%        N/A       22%         3
 Animate Skeleton         Necr           4%         N/A       36%         1
 Apportation              Tloc           4%         N/A       36%         1
 Slow                     Hex            8%         N/A       36%         1
 Summon Small Mammal      Summ           8%         N/A       36%         1
 Animate Armour           Summ/Erth      34%        N/A       41%         4
 Call Canine Familiar     Summ           2%         N/A       73%         3
 Confusing Touch          Hex            2%         N/A       73%         3
 Frozen Ramparts          Ice            4%         1d2       73%         3
 Ice Form                 Ice/Tmut       8%         N/A       85%         4
 Lightning Bolt           Conj/Air       6%         1d18      95%         5
 Airstrike                Air            1%         N/A       98%         4
 Summon Ice Beast         Ice/Summ       2%         N/A       98%         4
 Summon Lightning Spire   Summ/Air       2%         N/A       98%         4
 Yara's Violent Unravell  Hex/Tmut       4%         3d4       99%         5


Dungeon Overview and Level Annotations

Branches:
Dungeon (11/15)            Temple (1/1) D:7            Lair (3/6) D:11
  Swamp (0/4) Lair:3       Spider (0/4) Lair:2          Orc (0/2) D:9
  Sewer (visited)         Volcano (visited)

Altars:
Ashenzari
Cheibriados
Dithmenos
Elyvilon
Fedhas
Gozag
Hepliaklqana
Kikubaaqudgha
Makhleb
Nemelex Xobeh
Okawaru
Qazlal
Ru
Sif Muna
Trog
Uskayaw
Vehumet
Wu Jian
Xom
Yredelemnul
Zin
The Shining One
Lugonu

Shops:
D:9 (

Annotations:
D:8 3 runed translucent doors, spaghetti's ghost, novice OgFi
D:9 Pikel
Lair:1 exclusion: 2 oklob plants


Innate Abilities, Weirdness & Mutations

You cannot be hasted, slowed, berserked, paralysed or teleported.
You can dig through walls and to a lower floor.
You have a pair of large antennae on your head. (SInv)
Your four strong arms can wield two-handed weapons with a shield.


Message History

The eight-headed hydra bites you but does no damage.
The eight-headed hydra barely misses you.
The eight-headed hydra bites you but does no damage. x2
The eight-headed hydra misses you. The eight-headed hydra bites you. x3
Aiming: Paralyse
Press: ? - help, Shift-Dir - straight line, f/p - eight-headed hydra
Aim: an eight-headed hydra (chance to affect: 17%)
The eight-headed hydra resists with almost no effort.
You block the eight-headed hydra's attack.
The eight-headed hydra bites you! The eight-headed hydra bites you.
The eight-headed hydra bites you but does no damage.
The eight-headed hydra bites you.
The eight-headed hydra bites you but does no damage.
The eight-headed hydra barely misses you.
You block the eight-headed hydra's attack.
Aiming: Paralyse
Press: ? - help, Shift-Dir - straight line, f/p - eight-headed hydra
Aim: an eight-headed hydra (chance to affect: 17%)
The eight-headed hydra resists with almost no effort.
The eight-headed hydra bites you but does no damage.
The eight-headed hydra bites you!
You block the eight-headed hydra's attack.
The eight-headed hydra bites you.
The eight-headed hydra bites you but does no damage.
The eight-headed hydra bites you! The eight-headed hydra bites you.
The eight-headed hydra barely misses you.
Okay, then.
Okay, then.
Okay, then.
Unknown command.
Found 25 stones.
You see here a +0 ring mail.
Are you sure you want to shaft yourself?
The eight-headed hydra bites you but does no damage.
The eight-headed hydra bites you!
* * * LOW HITPOINT WARNING * * *
The eight-headed hydra bites you!
* * * LOW HITPOINT WARNING * * *
The eight-headed hydra bites you!
You die...

.).......... ..#......
........... .......P
..........###.......#
.......)...P........## #
.....................#..
.............###........
..............S#......#
...###.......##D.....#
...###..........@....#
....#.................P.
..............##........
..............P#........
..................#...#.
.#<...............##...(
........................
........................
............P#.......


You could see an eight-headed hydra and a water moccasin.

Vanquished Creatures
  A red draconian (Volcano)
  Fannar (Lair:2)
  3 boulder beetles
  Nergalle (Lair:1)
  A salamander mystic (Volcano)
  A lindwurm (Lair:1)
  2 ugly things (D:10)
  5 salamanders (Volcano)
  A cyclops (D:11)
  3 manticores
  2 unseen horrors (D:11)
  Psyche (D:8)
  4 cane toads
  2 kobold demonologists (D:5)
  2 komodo dragons
  3 tyrant leeches
  A troll (D:9)
  2 hornets
  18 blink frogs
  2 water elementals (D:11)
  A culicivora (Lair:2)
  A shadow (D:11)
  7 wyverns
  14 yaks
  A basilisk (D:11)
  4 steam dragons
  4 vampire mosquitoes (D:11)
  Menkaure (D:4)
  A swamp worm (Lair:3)
  6 water moccasins
  An acid dragon (D:11)
  A sky beast (D:6)
  6 orc warriors
  Pargi (D:4)
  8 black bears
  4 centaurs
  2 ice beasts
  9 wolves
  6 kobold brigands
  A necrophage (D:7)
  9 bullfrogs
  3 gnoll sergeants
  5 scorpions
  5 wights (D:7)
  7 killer bees
  A howler monkey (D:10)
  6 electric eels
  A jelly (D:7)
  A gnoll shaman (D:3)
  10 orc priests
  7 hounds
  7 iguanas
  15 orc wizards
  A howler monkey skeleton (D:4)
  15 gnolls
  5 river rats
  2 adders
  2 shadow imps
  3 white imps (D:7)
  An adder skeleton (D:4)
  2 worms
  A dart slug (D:4)
  48 orcs
  2 bats
  14 endoplasms
  4 giant cockroaches
  9 hobgoblins
  2 jackals (D:1)
  6 quokkas
  12 ball pythons
  9 frilled lizards
  8 goblins
  19 kobolds
  9 rats
386 creatures vanquished.

Vanquished Creatures (collateral kills)
  A salamander (Volcano)
1 creature vanquished.

Vanquished Creatures (others)
  An orc wizard (D:6)
  An orc (D:10)
  22 fungi
  31 plants
55 creatures vanquished.

Grand Total: 442 creatures vanquished

Notes
Turn   | Place    | Note
-------+----------+-------------------------------------------
     0 | D:1      | kklluuttzz the Formicid Earth Elementalist began the quest
                  | for the Orb.
     0 | D:1      | Reached XP level 1. HP: 13/13 MP: 3/3
   288 | D:1      | Reached XP level 2. HP: 19/19 MP: 1/5
   397 | D:1      | Reached XP level 3. HP: 24/24 MP: 4/6
   420 | D:1      | Reached skill level 5 in Earth Magic
   456 | D:1      | Learned a level 3 spell: Stone Arrow
   459 | D:1      | Learned a level 2 spell: Passwall
   867 | D:2      | Found a faded altar of an unknown god.
  1124 | D:2      | Reached XP level 4. HP: 29/30 MP: 7/7
  1788 | D:2      | Reached skill level 1 in Conjurations
  2078 | D:3      | Reached XP level 5. HP: 32/35 MP: 6/8
  2199 | D:3      | Found a glowing drain.
  2202 | Sewer    | Entered a sewer
  2968 | D:3      | Reached XP level 6. HP: 41/41 MP: 5/10
  3503 | D:3      | Upgraded the game from 0.28-a0-1080-g05a166d0ed to
                  | 0.29-a0-284-gf9362112df
  4154 | D:4      | Reached XP level 7. HP: 22/43 MP: 2/12
  4426 | D:4      | Identified the +5 dagger of Waukkirch {vorpal, rElec rN+
                  | Str+7}
  4867 | D:4      | Reached skill level 1 in Short Blades
  4938 | D:4      | Noticed Pargi
  4944 | D:4      | Killed Pargi
  5263 | D:4      | Noticed Menkaure
  5271 | D:4      | Killed Menkaure
  5272 | D:4      | Reached skill level 5 in Stealth
  5272 | D:4      | Reached XP level 8. HP: 36/52 MP: 2/13
  5514 | D:5      | Entered Level 5 of the Dungeon
  5746 | D:5      | Identified the +3 leather armour of the Solstice {Will+++
                  | Regen+ Int-3}
  6537 | D:6      | Noticed a kobold demonologist
  6538 | D:6      | Noticed a kobold demonologist
  6581 | D:6      | Upgraded the game from 0.29-a0-284-gf9362112df to
                  | 0.29-a0-321-gf1c400731a
  6588 | D:6      | Reached skill level 5 in Short Blades
  6588 | D:6      | Noticed a smoke demon
  6590 | D:6      | Noticed a smoke demon
  6686 | D:5      | Reached XP level 9. HP: 47/57 MP: 14/14
  6715 | D:5      | Killed a kobold demonologist
  6759 | D:5      | Killed a kobold demonologist
  7309 | D:6      | Reached skill level 10 in Stealth
  7318 | D:6      | Got Iseicrir's Incunabulum of the Shifting Escort
  7425 | D:6      | Reached XP level 10. HP: 57/63 MP: 4/15
  8231 | D:7      | Found a staircase to the Ecumenical Temple.
  8280 | Temple   | Entered the Ecumenical Temple
  8312 | Temple   | Became a worshipper of Sif Muna the Loreminder
  8472 | D:7      | Reached skill level 5 in Conjurations
  8650 | D:7      | Upgraded the game from 0.29-a0-321-gf1c400731a to
                  | 0.29-a0-322-g68df515428
  9082 | D:8      | Reached * piety under Sif Muna
  9225 | D:8      | Noticed spaghetti's ghost (novice OgFi)
  9226 | D:8      | Found a runed translucent gate.
  9226 | D:8      | Found a runed translucent gate.
  9226 | D:8      | Found a runed translucent gate.
  9279 | D:8      | Noticed Psyche
  9282 | D:8      | Killed Psyche
  9283 | D:8      | Reached skill level 10 in Earth Magic
  9304 | D:8      | Reached XP level 11. HP: 68/68 MP: 16/16
  9739 | D:9      | Found a shimmering altar of Xom.
  9778 | D:9      | Found a glowing golden altar of the Shining One.
  9780 | D:9      | Found a broken altar of Ashenzari.
  9871 | D:9      | Found a sacrificial altar of Ru.
  9871 | D:9      | Found a white marble altar of Elyvilon.
  9873 | D:9      | Found a radiant altar of Vehumet.
  9956 | D:9      | Found a hide-covered altar of Uskayaw.
 10022 | D:9      | Found a staircase to the Orcish Mines.
 10022 | D:9      | Found Gaxis's Weapon Shoppe.
 10221 | D:9      | Noticed Pikel
 10253 | D:10     | Entered Level 10 of the Dungeon
 10253 | D:10     | Noticed a manticore
 10253 | D:10     | Noticed a brown ugly thing
 10272 | D:10     | Noticed a white ugly thing
 10277 | D:10     | Killed a white ugly thing
 10278 | D:10     | Reached skill level 1 in Invocations
 10378 | D:10     | Identified the +6 quarterstaff "Killer Bee's Death"
                  | {vorpal, Fly Str-4 Stlth+}
 10604 | D:10     | Reached ** piety under Sif Muna
 10634 | D:10     | Reached skill level 1 in Shields
 10711 | D:10     | Found a snail-covered altar of Cheibriados.
 10868 | D:10     | Found a hazy altar of Hepliaklqana.
 10901 | D:10     | Found an ornate altar of the Wu Jian Council.
 10926 | D:10     | Killed a brown ugly thing
 10927 | D:10     | Reached skill level 2 in Shields
 10929 | D:10     | Killed a manticore
 10930 | D:10     | Reached skill level 3 in Shields
 10931 | D:10     | Reached skill level 4 in Shields
 10934 | D:10     | Found an opulent altar of Gozag.
 11140 | D:10     | Found a burning altar of Makhleb.
 11141 | D:10     | Found a basalt altar of Yredelemnul.
 11409 | D:11     | Noticed a manticore
 11409 | D:11     | Noticed a cyclops
 11438 | D:11     | Noticed a boulder beetle
 11445 | D:10     | Killed a boulder beetle
 11446 | D:10     | Reached skill level 5 in Shields
 11470 | D:11     | Reached skill level 6 in Shields
 11579 | D:11     | Noticed a manticore
 11608 | D:11     | Killed a manticore
 11663 | D:11     | Reached skill level 7 in Shields
 11779 | D:11     | Killed a cyclops
 11801 | D:11     | Learned a level 3 spell: Conjure Flame
 11831 | D:11     | Reached skill level 1 in Fire Magic
 11835 | D:11     | Reached skill level 8 in Shields
 11835 | D:11     | Reached XP level 12. HP: 65/74 MP: 14/18
 12273 | D:11     | Reached skill level 9 in Shields
 12291 | D:11     | Found a staircase to the Lair.
 12298 | D:11     | Reached skill level 5 in Fire Magic
 12307 | D:11     | Reached *** piety under Sif Muna
 12541 | Lair:1   | Entered Level 1 of the Lair of Beasts
 12541 | Lair:1   | Noticed Nergalle
 12553 | Lair:1   | Killed Nergalle
 12696 | Lair:1   | Found a dark tunnel.
 12713 | Volcano  | Entered a volcano
 12729 | Volcano  | Noticed a salamander mystic
 12732 | Volcano  | Found a radiant altar of Vehumet.
 12741 | Volcano  | Killed a salamander mystic
 12787 | Volcano  | Noticed a red draconian
 12807 | Volcano  | Reached skill level 10 in Shields
 12906 | Volcano  | Killed a red draconian
 12962 | Volcano  | Reached XP level 13. HP: 48/79 MP: 15/19
 13247 | Lair:1   | Reached skill level 5 in Invocations
 13277 | Lair:1   | Reached skill level 11 in Shields
 13532 | Lair:1   | Identified the +4 robe "Ysmuff" {rPois rC+ Will-}
 14050 | Lair:2   | Noticed a boulder beetle
 14094 | Lair:2   | Killed a boulder beetle
 14111 | Lair:2   | Found a hole to the Spider Nest.
 14378 | Lair:2   | Noticed Fannar
 14443 | Lair:2   | Killed Fannar
 14444 | Lair:2   | Reached skill level 12 in Shields
 14922 | Lair:3   | Noticed a boulder beetle
 14934 | Lair:3   | Killed a boulder beetle
 14985 | Lair:3   | Reached **** piety under Sif Muna
 15161 | Lair:3   | Found a staircase to the Swamp.
 15464 | Lair:2   | Upgraded the game from 0.29-a0-322-g68df515428 to
                  | 0.29-a0-323-g050149af67
 15562 | Lair:3   | Reached skill level 1 in Fighting
 15562 | Lair:3   | Reached skill level 1 in Armour
 15678 | Lair:3   | Noticed an eight-headed hydra
 15698 | Lair:3   | Slain by an eight-headed hydra

Illustrated notes

Levels and vault maps discovered:
D:1:      minmay_arrival_diagonal_passages, layout_rooms, interstate_on_off
D:2:      layout_loops_corners, hellmonk_ecumenical_altar_slurped_away,
          minmay_tetromino_l4
D:3:      layout_basic, gup_sewer_entry_bubbles, corexii_hall_statues_s
D:4:      layout_cave_pods, uniq_menkaure, uniq_pargi
D:5:      layout_loops_corners
D:6:      layout_loops_ring, amcnicky_mini_pool_medium
D:7:      minmay_octagon_keep, layout_basic, minmay_temple_entry_junction
D:8:      layout_loops_ring, gammafunk_ghost_nasty_kobolds,
          kennysheep_minor_cross, uniq_psyche
D:9:      layout_basic, nicolae_overflow_hidden_temple, lemuel_doored_altar,
          mainiacjoe_overflow_paths, orc_david_3, nicolae_elevator_lobby_plus,
          uniq_pikel
D:10:     layout_irregular_city, mainiacjoe_overflow_divided_tiny,
          mainiacjoe_overflow_alcove_1, nicolae_hepliaklqana_hippocampus,
          overflow_temple_1_default, cheibrodos_worm_habitat,
          minmay_diced_spiral
D:11:     layout_basic, minmay_lair_entry_grove, kennysheep_nondescript
Temple:   corrupted_temple
Lair:1:   minmay_lair_oklob_chamber, layout_small_grid,
          nicolae_volcano_entry_vermiform, serial_bayou_shore_b, uniq_nergalle
Lair:2:   layout_regular_city, spider_nest_entry_rubble,
          dreamdust_mushroom_princess, uniq_fannar
Lair:3:   layout_cave_shapes, minmay_swamp_entry_worms,
          infiniplex_staircase_pool

Skill      XL: |  1  2  3  4  5  6  7  8  9 10 11 12 13 |
---------------+----------------------------------------+-----
Earth Magic    | 4 5 6 7 10 | 10.2
Conjurations   | 1 2 3 6 |  6.6
Spellcasting   | 3 4 |  4.2
Short Blades   | 3 5 7 8 |  8.3
Stealth        | 5 7 10 | 10.4
Transmutations | 4 |  4.0
Invocations    | 3 4 9 |  9.4
Shields        | 8 10 12 | 12.6
Fire Magic     | 1 7 |  7.6
Dodging        | 2 |  2.2
Fighting       | 1 |  1.3
Armour         | 1 |  1.3

Action                   |  1- 3 |  4- 6 |  7- 9 | 10-12 | 13-15 || total
-------------------------+-------+-------+-------+-------+-------++-------
Melee: Unarmed           |     9 |       |       |       |       ||     9
       Dagger            |     9 |   120 |   164 |   189 |   108 ||   590
       Whip              |       |    46 |     7 |       |       ||    53
       Punch             |       |       |       |     1 |       ||     1
 Cast: Sandblast         |    40 |    68 |     3 |    15 |    21 ||   147
       Passwall          |       |     1 |     2 |    34 |    13 ||    50
       Stone Arrow       |       |     8 |    74 |   232 |   118 ||   432
       Conjure Flame     |       |       |       |       |     2 ||     2
       Summon Lightning  |       |       |       |       |     1 ||     1
Invok: Channel Magic     |       |       |       |     1 |       ||     1
       Divine Exegesis   |       |       |       |       |     1 ||     1
 Abil: Dig               |       |     7 |     1 |     3 |     1 ||    12
       Shaft Self        |       |       |       |       |     1 ||     1
Evoke: Wand              |       |       |     5 |    20 |    10 ||    35
  Use: Scroll            |       |    10 |     2 |     9 |       ||    21
       Potion            |       |     1 |       |     2 |       ||     3
 Stab: Sleeping          |       |     5 |     8 |    22 |     9 ||    44
       Paralysed         |       |       |     1 |     3 |     3 ||     7
       Distracted        |       |       |       |     1 |       ||     1
Armor: Robe              |     4 |    59 |    10 |       |       ||    73
       Leather armour    |       |       |    42 |   112 |    69 ||   223
Dodge: Dodged            |     8 |   139 |    87 |   157 |    86 ||   477
Block: Kite shield       |       |       |       |    53 |    94 ||   147

Table legend: (Time is in decaauts)
 A = Elapsed time spent in this place.
 B = Non-inter-level travel time spent in this place.
 C = Inter-level travel time spent in this place.
 D = Time resting spent in this place.
 E = Time spent auto-exploring this place.
 F = Levels seen in this place.
 G = Mean time per level.
                   A        B        C        D        E       F      G
               +--------+--------+--------+--------+--------+-----+--------+
         Total |  15667 |  14764 |    903 |   1845 |   8848 |  17 |  921.6 |
       Dungeon |  11776 |  10986 |    790 |   1276 |   7036 |  11 | 1070.5 |
        Temple |     67 |     55 |     12 |      0 |     38 |   1 |   67.0 |
          Lair |   2765 |   2664 |    101 |    283 |   1402 |   3 |  921.7 |
         Sewer |    699 |    699 |      0 |    195 |    275 |   1 |  699.0 |
       Volcano |    357 |    357 |      0 |     91 |     96 |   1 |  357.0 |
               +--------+--------+--------+--------+--------+-----+--------+

Top non-repeatable levels by time:
     D:4: 1590 daAuts
     D:3: 1314 daAuts
  Lair:2: 1254 daAuts
     D:2: 1205 daAuts
     D:5: 1146 daAuts
    D:10: 1094 daAuts
  Lair:1: 1050 daAuts
    D:11: 1038 daAuts
     D:8: 994 daAuts
     D:7: 964 daAuts
     D:6: 923 daAuts
     D:1: 798 daAuts
     D:9: 706 daAuts
   Sewer: 699 daAuts
  Lair:3: 460 daAuts
